 Dungeon Crawl Stone Soup version 0.29.1-12-g30fa7ad0bf (webtiles) character file.

Game seed: 11993227097543651184

18 Radix the Chiller (level 2, 0/20 HPs)
             Began as a Draconian Ice Elementalist on Dec 14, 2022.
             Slain by a jackal (2 damage)
             ... on level 1 of the Dungeon.
             The game lasted 00:05:47 (609 turns).

Radix the Chiller (Draconian Ice Elementalist)       Turns: 609, Time: 00:05:48

Health: 0/20       AC:  4    Str: 10    XL:     2   Next: 48%
Magic:  0/5        EV: 12    Int: 15    God:
Gold:   84         SH:  0    Dex: 11    Spells: 5/6 levels left

rFire   . . .      SeeInvis .   (no weapon)
rCold   . . .      Faith    .   (no shield)
rNeg    . . .      Spirit   .   (body armour unavailable)
rPois   .          Reflect  .   (helmet restricted)
rElec   .          Harm     .   (no cloak)
rCorr   .          Rampage  .   (no gloves)
Will    .....                   (no boots)
Stlth   +.........              (no amulet)
HPRegen 0.06/turn               (no ring)
MPRegen 0.09/turn               (no ring)

@: silenced
A: AC +4, unfitting armour, cold-blooded
a: no special abilities


You were on level 1 of the Dungeon.
You visited 1 branch of the dungeon, and saw 1 of its levels.

You collected 84 gold pieces.

Inventory:

Scrolls
 c - 5 scrolls of identify {unknown}
Potions
 a - a potion of magic
 d - a potion of lignification {unknown}


   Skills:
 - Level 1.7 Dodging
 - Level 1.7 Stealth
 + Level 2.5 Spellcasting
 + Level 4.3 Ice Magic


You had 5 spell levels left.
You knew the following spells:

 Your Spells              Type           Power      Damage    Failure   Level
a - Freeze                Ice            60%        1d8       3%          1

Your spell library contained the following spells:

 Spells                   Type           Power      Damage    Failure   Level
 Frozen Ramparts          Ice            30%        1d5       11%         3
 Ozocubu's Armour         Ice            15%        N/A       11%         3
 Scorch                   Fire           2%         2d5       32%         2
 Hailstorm                Conj/Ice       8%         3d4       65%         4
 Flame Wave               Conj/Fire      1%         2d4       91%         4
 Summon Cactus Giant      Summ           0%         N/A       100%        6


Dungeon Overview and Level Annotations

Branches:
Dungeon (1/15)

Altars:


Innate Abilities, Weirdness & Mutations

Your plain brown scales are hard. (AC +4)
You cannot fit into any form of body armour.
You are cold-blooded and may be slowed by cold attacks.


Message History

The jackal bites you but does no damage.
The jackal closely misses you.
Aiming: Freeze (safe; 3% risk of failure)
Press: ? - help, Q - select action Shift-Dir - straight line, f/p - jackal
Aim: a jackal (lightly wounded)
You freeze the jackal.
The jackal is severely wounded.
The jackal closely misses you.
The jackal bites you but does no damage.
The jackal closely misses you.
The jackal bites you but does no damage.
As you read the scroll labelled SOWODAOPUP, it crumbles to dust.
A profound silence engulfs you.
It was a scroll of silence.
The jackal misses you.
The jackal bites you but does no damage.
You barely miss the jackal.
Your tail-slap misses the jackal.
The jackal is severely wounded.
The jackal misses you.
The jackal bites you but does no damage.
The jackal barely misses you.
The jackal bites you but does no damage.
You hit the jackal but do no damage.
You tail-slap the jackal, but do no damage.
The jackal is severely wounded.
The jackal bites you. The jackal barely misses you.
You hit the jackal.
The jackal is almost dead.
The jackal bites you.
* * * LOW HITPOINT WARNING * * *
The jackal bites you.
* * * LOW HITPOINT WARNING * * *
You barely miss the jackal.
The jackal is almost dead.
The jackal closely misses you. The jackal barely misses you. x2
The jackal closely misses you.
You hit the jackal.
You kill the jackal!
The jackal misses you. The jackal bites you.
You die...

#....####......#
#..............#
#..............#
#..............#
###.............#
#...............#
#.#....).#†.....#
#.#......#......#
.#####.#......##@#######
.......#..)...##.h......
##......###########....#
#.####.....# ####
#.#....###.# #.#.####
#.# ##.#....# #..
.....#....####
##.#.#..#.#


You could see a jackal.

Vanquished Creatures
  2 endoplasms (D:1)
  A giant cockroach (D:1)
  4 goblins (D:1)
  A hobgoblin (D:1)
  3 jackals (D:1)
  A quokka (D:1)
  3 kobolds (D:1)
  A rat (D:1)
16 creatures vanquished.

Notes
Turn   | Place    | Note
-------+----------+-------------------------------------------
     0 | D:1      | Radix the Draconian Ice Elementalist began the quest for
                  | the Orb.
     0 | D:1      | Reached XP level 1. HP: 14/14 MP: 3/3
   395 | D:1      | Reached XP level 2. HP: 18/20 MP: 3/5
   609 | D:1      | Slain by a jackal

Illustrated notes

Levels and vault maps discovered:
D:1:      dpeg_arrival_lava_temple_mockup, layout_basic

Action                   || total
-------------------------++-------
Melee: Unarmed           ||    27
       Tailslap          ||     2
 Cast: Freeze            ||    25
  Use: Scroll            ||     2
 Stab: Sleeping          ||     1
Armor: Skin              ||    23
Dodge: Dodged            ||    44
